 Dungeon Crawl Stone Soup version 0.21.1 (webtiles) character file.

1441 Santangelo the Grappler (level 8, -5/78 HPs)
             Began as a Troll Berserker on Feb 2, 2018.
             Was a Priest of Trog.
             Slain by Blork the orc
             ... wielding a +0 short sword
              (10 damage)
             ... on level 6 of the Dungeon.
             The game lasted 00:25:11 (3990 turns).

Santangelo the Grappler (Troll Berserker)           Turns: 3990, Time: 00:25:13

Health: -5/78      AC:  7    Str: 30    XL:     8   Next: 46%
Magic:  7/7        EV: 11    Int:  5    God:    Trog [***...]
Gold:   278        SH:  0    Dex: 10    Spells: 7/7 levels left

rFire    . . .     SeeInvis .     - Unarmed
rCold    . . .     Gourm    +   (no shield)
rNeg     . . .     Faith    .   u - +0 robe
rPois    +         Spirit   .   (helmet restricted)
rElec    .         Reflect  .   (no cloak)
rCorr    .         Harm     .   (gloves unavailable)
MR       ++...                  (boots unavailable)
Stlth    +.........             (no amulet)
HPRegen  1.63/turn              h - ring of poison resistance
MPRegen  0.10/turn              i - +3 ring of strength

@: regenerating
A: large, unfitting armour, claws 3, thin metallic scales 1, clever 1, fast
metabolism 3, gourmand, regeneration 1, shaggy fur 1, tough skin 2
a: Berserk, Trog's Hand, Burn Spellbooks, Renounce Religion


You were on level 6 of the Dungeon.
You worshipped Trog.
Trog was most pleased with you.
You were very full.

You visited 1 branch of the dungeon, and saw 6 of its levels.

You collected 278 gold pieces.

Inventory:

Armour
 a - a +0 animal skin
 u - a +0 robe (worn)
Jewellery
 h - a ring of poison resistance (left claw)
 i - a +3 ring of strength (right claw)
Wands
 t - a wand of polymorph (16)
Scrolls
 k - 3 scrolls of immolation {unknown}
 n - 3 scrolls of amnesia {unknown}
 o - 8 scrolls of identify
 p - 4 scrolls of enchant armour {unknown}
 q - 4 scrolls of teleportation {unknown}
 r - a scroll of fear
 s - 2 scrolls of remove curse
 w - a scroll of magic mapping {unknown}
Potions
 c - 3 potions of curing {unknown}
 d - a potion of resistance {unknown}
 e - 2 potions of magic {unknown}
 f - a potion of degeneration {unknown}
 g - a potion of heal wounds {unknown}
 j - 2 potions of flight {unknown}
 l - a potion of ambrosia {unknown}
 m - a potion of lignification {unknown}
Comestibles
 b - 14 rations


   Skills:
 + Level 3.8 Fighting
 + Level 5.0 Dodging
 + Level 1.0 Stealth
 + Level 8.7 Unarmed Combat


You had 7 spell levels left.
You didn't know any spells.

Dungeon Overview and Level Annotations

Branches:
Dungeon (6/15)
 Temple: D:4-7

Altars:
Nemelex Xobeh

Annotations:
D:6 Blork the orc


Innate Abilities, Weirdness & Mutations

You are too large for most types of armour.
You have claws for hands.
Your metabolism is lightning-fast.
You like to eat raw meat.
Your natural rate of healing is unusually fast.
You are covered in fur. (AC +1)
You have very tough skin. (AC +2)
You are partially covered in thin metallic scales. (AC +2)
Your mind is acute. (Int +2)


Message History

The orc wizard is moderately wounded.
The orc wizard hits you but does no damage.
You hear some strange, mumbled words.
You closely miss the orc wizard.
The orc wizard is moderately wounded.
Something hits you but does no damage.
The orc wizard hits you but does no damage.
The orc warrior hits you from afar with a trident of protection!
* * * LOW HITPOINT WARNING * * *
The orc wizard looks satisfied for a moment.
You hear some strange, mumbled words.
A puff of frost appears from out of thin air!
The puff of frost misses you.
You closely miss the orc wizard.
The orc wizard is moderately wounded.
The orc warrior hits you from afar with a trident of protection!
* * * LOW HITPOINT WARNING * * *
The orc wizard hits you but does no damage.
Something hits you!
You die...

##.......
##.........
#..........
#..........
##........%.
#..<........
#..(.......#
#..........#
#..(@oo....#
#..).......#
#...).....##
#........##
###.....##
##..### ####


You could see an orc warrior and an orc wizard.

Vanquished Creatures
  The ghost of garbagetei the Charmwright, a novice GnSk of Okawaru (D:5)
  A phantom (D:5)
  A sky beast (D:5)
  2 ogres (D:5)
  A centaur (D:6)
  A scorpion (D:4)
  3 hounds
  4 orc priests
  A bullfrog skeleton (D:4)
  3 orc wizards
  3 worker ants
  6 adders
  An ooze (D:4)
  A worm (D:3)
  2 dart slugs
  3 leopard geckos
  11 orcs
  6 bats
  4 giant cockroaches
  17 goblins
  9 hobgoblins
  4 jackals (D:5)
  7 kobolds
  2 quokkas
  3 ball pythons
  4 frilled lizards
  7 rats
  4 fungi (D:1)
  4 plants (D:1)
116 creatures vanquished.

Notes
Turn   | Place    | Note
-------+----------+-------------------------------------------
     0 | D:1      | Santangelo the Troll Berserker began the quest for the Orb.
     0 | D:1      | Reached XP level 1. HP: 22/22 MP: 0/0
   326 | D:1      | Reached XP level 2. HP: 29/29 MP: 1/1
   529 | D:1      | Found a sparkling altar of Nemelex Xobeh.
  1032 | D:1      | Reached XP level 3. HP: 36/36 MP: 2/2
  1455 | D:2      | Reached ** piety under Trog
  1918 | D:2      | Reached XP level 4. HP: 44/44 MP: 3/3
  1978 | D:3      | Gained mutation: Your mind is acute. (Int +2) [potion of mutation]
  1978 | D:3      | Gained mutation: You are partially covered in thin metallic scales. (AC +2) [potion of mutation]
  1990 | D:3      | Reached skill level 4 in Unarmed Combat
  2284 | D:3      | Reached XP level 5. HP: 53/53 MP: 4/4
  2726 | D:4      | Reached skill level 5 in Unarmed Combat
  2893 | D:4      | Reached XP level 6. HP: 61/61 MP: 5/5
  2907 | D:4      | Reached *** piety under Trog
  3131 | D:5      | Entered Level 5 of the Dungeon
  3240 | D:5      | Reached skill level 6 in Unarmed Combat
  3309 | D:5      | Noticed a sky beast
  3318 | D:5      | Killed a sky beast
  3318 | D:5      | Reached XP level 7. HP: 46/67 MP: 6/6
  3349 | D:5      | Noticed garbagetei's ghost (novice GnSk)
  3361 | D:5      | Killed garbagetei's ghost
  3361 | D:5      | Reached skill level 7 in Unarmed Combat
  3450 | D:5      | Reached XP level 8. HP: 59/78 MP: 7/7
  3660 | D:5      | Reached skill level 8 in Unarmed Combat
  3969 | D:6      | Noticed Blork the orc
  3979 | D:6      | Reached skill level 1 in Stealth
  3982 | D:6      | Reached skill level 5 in Dodging
  3990 | D:6      | Slain by Blork the orc

Skill      XL: |  1  2  3  4  5  6  7  8 |
---------------+-------------------------+-----
Dodging        | 3 4 5 |  5.0
Fighting       | 3 |  3.8
Unarmed Combat | 4 5 6 7 8 |  8.7
Stealth        | 1 |  1.0

Action                   |  1- 3 |  4- 6 |  7- 9 || total
-------------------------+-------+-------+-------++-------
Melee: Unarmed           |   202 |   134 |    80 ||   416
       Punch             |     3 |     4 |     2 ||     9
Invok: Berserk           |     1 |     2 |     1 ||     4
       Burn Spellbooks   |       |     1 |       ||     1
       Trog's Hand       |       |       |     2 ||     2
  Use: Scroll            |     4 |     1 |       ||     5
       Potion            |       |     1 |       ||     1
  Eat: Chunk             |    19 |    16 |     7 ||    42
       Ration            |     1 |       |       ||     1
Armor: Animal skin       |    63 |    25 |       ||    88
       Robe              |       |    15 |    22 ||    37
Dodge: Dodged            |    55 |    86 |    39 ||   180
